[Event "*** SCC Grand Prix: Titled Tuesday Blitz"]
[Site "Chess.com"]
[Date "2020.06.02"]
[Round "9"]
[White "kingmonkey2006"]
[Black "EvgenyRomanov"]
[Result "0-1"]
[WhiteElo "2509"]
[BlackElo "2673"]
[TimeControl "180+1"]
[EndTime "11:49:14 PDT"]
[Termination "EvgenyRomanov won by checkmate"]

1. e4 c5 2. Nf3 Nc6 3. d4 cxd4 4. Nxd4 Nf6 5. Nc3 d6 6. g3 Bg4 7. Be2 Bd7 8. O-O g6 9. Be3 Bg7 10. f4 O-O 11. Nb3 Rc8 12. Bf3 Bh3 13. Re1 Na5 14.
Nxa5 Qxa5 15. Qd2 Rfe8 16. Red1 Rc4 17. Be2 Rxc3 18. Qxc3 Qxc3 19. bxc3 Nxe4 20. Bd4 e5 21. fxe5 dxe5 22. Be3 Nxc3 23. Re1 e4 24. Bf1 Bg4 25. Bxa7 b5 26. Bc5 Bf3 27. a3 Rc8 28. Bf2 h5 29. Bg2 Ne2+ 30. Rxe2 Bxa1 31. Bxf3 exf3 32.
Re3 Rxc2 33. Rxf3 Bc3 34. Rd3 Ba5 35. Rb3 Rc3 36. Rxb5 Rxa3 37. Bc5 Ra1+ 38. Kg2 Ra2+ 39. Kh1 Bc3 40. Rb3 Bf6 41. Rd3 Kg7 42. Bd4 g5 43.
Bxf6+ Kxf6 44. Re3 Kg6 45. Rf3 f6 46. Kg1 Rb2 47. Rf1 Ra2 48. Rf3 Kf7 49. Re3 f5 50. Re5 Kf6 51. Re8 f4 52. Rf8+ Ke5 53. gxf4+ gxf4 54. Rh8 Ke4 55. Rxh5 Ra1+ 56. Kf2 Ra2+ 57. Ke1 Ke3 58.
Re5+ Kf3 59. Rg5 Ra1+ 60. Kd2 Kf2 61. h4 f3 62. h5 Rh1 63. Kd3 Kf1 64. Ke3 f2 65.
Rf5 Rh3+ 66. Kf4 Kg2 67. Kg5 Rg3+ 68. Kh4 Rf3 69. Rg5+ Kh2 70. h6 f1=Q 71. Kh5 Qh3+ 72. Kg6 Qe6+ 73. Kh5 Rh3# 0-1

[Event "*** SCC Grand Prix: Titled Tuesday Blitz"]
[Site "Chess.com"]
[Date "2020.06.02"]
[Round "9"]
[White "Jospem"]
[Black "Arjun2002"]
[Result "1-0"]
[WhiteElo "2869"]
[BlackElo "2650"]
[TimeControl "180+1"]
[EndTime "11:49:16 PDT"]
[Termination "Jospem won by checkmate"]

1. c4 c6 2. Nf3 d5 3. g3 Nf6 4. Bg2 Bg4 5. Ne5 Be6 6. cxd5 Bxd5 7. Nf3 c5 8. Nc3 Bc6 9. O-O e6 10. d3 Be7 11. e4 b5 12. Qe2 b4 13. Nb1 Bb5 14. Rd1 Nc6 15. b3 O-O 16. Bb2 a5 17. a4 Ba6 18. Bf1 Nd7 19. Nbd2 Bf6 20. e5 Be7 21. Nc4 Nb6 22. Bg2 Nd5 23. Rac1 Rc8 24. h4 h6 25. h5 Qd7 26. Qe4 Rfd8 27. Qg4 Qe8 28. Nd6 Bxd6 29. exd6 f6 30. Rxc5 Ne5 31. Nxe5 Rxc5 32. Nc4 Nc3 33. Re1 Bxc4 34. Qd4 Re5 35. Rxe5 fxe5 36. Qxc4 Rxd6 37. Bxc3 bxc3 38.
Qxc3 Rd4 39. Qxa5 Qxh5 40. Bf1 Qf3 41. Qxe5 Qd5 42. Qe3 Rb4 43. a5 Rxb3 44. a6 Ra3 45. a7 Qd7 46. Bh3 Qxa7 47. Qxe6+ Kf8 48. Qd6+ Qe7 49. Qb8+ Qe8 50. Qb4+ Qe7 51. Qb8+ Qe8 52. Qd6+ Qe7 53. Qd4 Ra6 54. Bf5 Rd6 55. Qc4 Qe1+ 56. Kg2 Qe5 57. Be4 Rd8 58. Qb4+ Qd6 59. Qc4 Qd4 60. Qb3 Qd6 61. Qb7 Qd7 62. Qa6 Qd6 63. Qb5 Qd7 64. Qh5 Qf7 65. Qh4 Qf6 66. Qg4 Ke7 67. Qe2 Kf8 68. f4 g5 69. Kf3 gxf4 70.
gxf4 Rb8 71. Qg2 Rb2 72. Qh3 Qb6 73. Qf5+ Ke7 74. Qh7+ Kd6 75. Qxh6+ Kc5 76. Qf8+ Kd4 77. Qg7+ Kc5 78. Qe7+ Kd4 79. Qe5# 1-0

[Event "*** SCC Grand Prix: Titled Tuesday Blitz"]
[Site "Chess.com"]
[Date "2020.06.02"]
[Round "9"]
[White "GaboSalazar2001"]
[Black "oykuince"]
[Result "1/2-1/2"]
[WhiteElo "2246"]
[BlackElo "2087"]
[TimeControl "180+1"]
[EndTime "11:49:22 PDT"]
[Termination "Game drawn by agreement"]

1. e3 c5 2. Nf3 d5 3. d4 e6 4. c3 Nf6 5. Bd3 Bd6 6. Nbd2 O-O 7. O-O Nbd7 8. e4 dxe4 9. Nxe4 Nxe4 10. Bxe4 Nf6 11. Bg5 cxd4 12. cxd4 h6 13. Bxf6 Qxf6 14.
Bc2 Rd8 15. Qd3 g6 16. Rad1 Bd7 17. Nd2 Bc6 18. Ne4 Bxe4 19. Qxe4 b6 20. d5 e5 21. Ba4 Qg5 22. Rc1 Rac8 23. Rxc8 Rxc8 24. Bc6 f5 25. Qa4 a5 26. Qb3 Rb8 27. Bd7 e4 28. Be6+ Kg7 29. Qc3+ Kh7 30. Qc6 Qe7 31. Rc1 Re8 32.
a4 Bc5 33. Qb5 Rd8 34. Kf1 Qg5 35. Rc2 e3 36. fxe3 Qxe3 37. Qc4 Qg1+ 38. Ke2 Qxg2+ 39. Kd1 Qg1+ 40. Ke2 Qxh2+ 41. Kd1 Qh1+ 42. Ke2 Qe4+ 43. Qxe4 fxe4 44. Rc4 e3 45. Rf4 g5 46. Rf7+ Kg6 47.
Rf1 h5 48. Bf7+ Kg7 49. Bxh5 Rf8 50. Rxf8 Kxf8 51. Bf3 Ke7 52. Kd3 Kd6 53. Ke4 Kc7 54. Kf5 Be7 55. Ke4 Bc5 56. Kf5 Bd4 57. b3 Kd6 58. Kxg5 Be5 59. Kf5 Bd4 60. Ke4 Bc5 61. Kd3 Ke5 62. Kc4 Kd6 63. Kb5 Ke5 64. Kc6 Kf4 65.
Be2 Ke5 66. Bd3 Kd4 67. Bc4 Ke5 68. Kc7 e2 69. Bxe2 Kxd5 70. Bf3+ Kd4 71. Kc6 Kc3 72. Bd5 Kb4 73. Bc4 Bd4 74. Kb7 Bc5 75. Ka6 Bd4 76.
Kb7 1/2-1/2

[Event "*** SCC Grand Prix: Titled Tuesday Blitz"]
[Site "Chess.com"]
[Date "2020.06.02"]
[Round "9"]
[White "InitiatingASC"]
[Black "korkmaz16"]
[Result "1/2-1/2"]
[WhiteElo "2399"]
[BlackElo "2268"]
[TimeControl "180+1"]
[EndTime "11:49:29 PDT"]
[Termination "Game drawn - insufficient material"]

1. Nf3 d5 2. b3 Nf6 3. Bb2 Bf5 4. e3 e6 5. c4 c6 6. cxd5 exd5 7. Be2 Bd6 8. O-O O-O 9. d3 h6 10. Nbd2 Re8 11. Rc1 Nbd7 12. Qc2 Qe7 13. Qb1 a5 14.
Qa1 a4 15. Rfe1 axb3 16. Nxb3 Ba3 17. Nfd4 Bh7 18. Rc2 Ne5 19. Qd1 Bb4 20. Bc3 Bxc3 21. Rxc3 Rxa2 22. Nc5 b6 23. Ncb3 c5 24. Nf3 Nxf3+ 25.
Bxf3 d4 26. Rc2 Rxc2 27. Qxc2 dxe3 28. Rxe3 Qd8 29. Rxe8+ Qxe8 30. g3 Qe6 31. Kg2 Bf5 32.
Qd1 Bh3+ 33. Kg1 Nd5 34. Nd2 Nc3 35. Qa1 Ne2+ 36. Kh1 Nd4 37. Qa8+ Kh7 38. Qe4+ Bf5 39. Qxe6 Nxe6 40. Be2 b5 41. Kg1 Nd4 42. Bf1 b4 43. f3 b3 44. Kf2 b2 45. Ke3 Nb3 46. Nb1 c4 47. g4 Bg6 48. h4 h5 49. gxh5 Bf5 50.
Kf4 Bxd3 51. Bxd3+ cxd3 52. Ke3 d2 53. Ke2 Kh6 54.
Kd1 Kxh5 55. Kc2 Kxh4 56. Nc3 Kg3 57. Kxb2 Nd4 58. Ne4+ Kxf3 59. Nxd2+ Kf4 60. Kc3 Nf3 61. Nf1 g5 62. Kd3 f6 63. Ke2 Ne5 64. Kf2 f5 65.
Kg2 g4 66. Ng3 Kg5 67. Ne2 f4 68. Nc3 f3+ 69. Kg3 Nd3 70. Ne4+ Kf5 71. Nd6+ Kg5 72.
Ne4+ Kf5 73. Nd6+ Ke5 74. Nc4+ Kd4 75. Kxg4 f2 76. Nd2 Ke3 77. Nf1+ Ke2 78. Nh2 Ne5+ 79. Kg3 Ke1 80. Kg2 Ng4 81. Nf3+ Ke2 82. Nd4+ Ke3 83. Nc2+ Kd2 84. Nd4 Kd3 85. Nf3 Ke2 86. Nd4+ Kd1 87.
Nf3 Kc2 88. Ne5 Kd2 89. Nxg4 Ke2 90. Nxf2 1/2-1/2

[Event "*** SCC Grand Prix: Titled Tuesday Blitz"]
[Site "Chess.com"]
[Date "2020.06.02"]
[Round "9"]
[White "Zmof"]
[Black "Konovalova_Vera"]
[Result "1/2-1/2"]
[WhiteElo "2211"]
[BlackElo "2148"]
[TimeControl "180+1"]
[EndTime "11:49:30 PDT"]
[Termination "Game drawn by repetition"]

1. e4 c6 2. d4 d5 3. Nc3 dxe4 4. Nxe4 Bf5 5. Ng3 Bg6 6. h4 h6 7. Nf3 Nd7 8. h5 Bh7 9. Bd3 Bxd3 10. Qxd3 Qc7 11.
Bd2 e6 12. O-O-O Ngf6 13. Ne4 Nxe4 14. Qxe4 Nf6 15. Qe2 Bd6 16. g3 O-O-O 17. c4 c5 18.
Bc3 cxd4 19. Nxd4 a6 20. Kb1 Rd7 21. Rc1 Bc5 22. Nb3 Rhd8 23. a3 Qb6 24. Nxc5 Qxc5 25. Bb4 Qf5+ 26. Ka2 Qd3 27. Qe5 Qf5 28. Qxf5 exf5 29.
Bc3 Rd6 30. Rhe1 Re8 31. Bxf6 Rxe1 32. Rxe1 Rxf6 33. Re7 f4 34. g4 f3 35. Kb3 Rf4 36. Kc3 Rxg4 37. Rxf7 Rh4 38. Rxf3 Rxh5 39. Rf8+ Kc7 40.
Rf7+ Kc6 41. Rxg7 Rh2 42. Rf7 h5 43. b4 Rh3+ 44. Kb2 h4 45. a4 Rh2 46. Rf5 h3 47. b5+ axb5 48. axb5+ Kb6 49. Kb3 Rh1 50. Rh5 h2 51.
Kb2 Ka5 52. f4 Kb4 53. f5 Kxc4 54. f6 Rf1 55. Rxh2 Rxf6 56. Rh5 Rb6 57. Kc1 Rxb5 58.
Rh3 Rb3 59. Rh4+ Kc3 60. Rh3+ Kb4 61. Rh4+ Ka3 62. Rh7 b5 63. Kc2 Rg3 64. Ra7+ Kb4 65. Rh7 Rc3+ 66. Kb2 Rc4 67. Rh3 Rg4 68. Rf3 Rg2+ 69.
Kb1 Ka4 70. Re3 b4 71. Rf3 b3 72. Rf8 Kb4 73. Rb8+ Kc3 74. Rc8+ Kd4 75. Rd8+ Kc4 76. Rc8+ Kd5 77. Rd8+ Kc6 78. Rb8 Kc5 79. Rxb3 Rg1+ 80. Kb2 Rg2+ 81. Kb1 Rf2 82. Rc3+ Kb4 83. Rc2 Rf1+ 84.
Kb2 Rf3 85. Rd2 Rb3+ 86. Kc2 Rc3+ 87. Kb2 Rb3+ 88. Kc2 Rc3+ 89. Kb2 Rb3+ 1/2-1/2

[Event "*** SCC Grand Prix: Titled Tuesday Blitz"]
[Site "Chess.com"]
[Date "2020.06.02"]
[Round "9"]
[White "Guenplen"]
[Black "DanielDardha2005"]
[Result "1/2-1/2"]
[WhiteElo "2894"]
[BlackElo "2673"]
[TimeControl "180+1"]
[EndTime "11:49:43 PDT"]
[Termination "Game drawn - insufficient material"]

1. d4 Nf6 2. Bf4 c5 3. d5 Qb6 4. Nc3 Qxb2 5. Bd2 Qb6 6. e4 e5 7. f4 d6 8. Rb1 Qd8 9. Nf3 Nbd7 10.
Bb5 exf4 11. Bxf4 Nh5 12. Be3 g6 13. e5 Bg7 14. Ne4 O-O 15. g4 Nxe5 16. gxh5 Bg4 17. Be2 Bxh5 18. O-O Bxf3 19. Bxf3 Rb8 20. Bg2 b5 21.
Bg5 f6 22. Bf4 Re8 23. Kh1 Nf7 24. c4 f5 25. Nxc5 dxc5 26. Bxb8 Qxb8 27. Rxb5 Qc7 28. d6 Nxd6 29. Qd5+ Kh8 30. Rxc5 Qe7 31. Rc6 Rd8 32. c5 Ne4 33. Qe6 Qxe6 34. Rxe6 Nxc5 35. Re7 a5 36. Rfe1 Bf6 37. Rf7 Bc3 38. Rc1 Bd4 39. Rb1 Nd3 40. h3 Ne5 41. Re7 g5 42. Rbb7 Ng6 43. Rxh7+ Kg8 44. Rhd7 Rxd7 45. Rxd7 Bc3 46. Bd5+ Kh8 47. Rc7 Bd4 48. Be6 Nh4 49. Rc4 Bb6 50. Rc6 Bd4 51.
Ra6 Bc3 52. Rc6 Bd4 53. a4 Kg7 54. Rc4 Be3 55. Bc8 Kf6 56. Rc6+ Ke5 57. Re6+ Kf4 58. Ra6 Bd2 59. Rd6 Be3 60. Rd5 Bb6 61. Rb5 Bc7 62. Bd7 Bd8 63. Rd5 Bc7 64. Rc5 Bb6 65. Rb5 Bc7 66. Bc8 Bd8 67. Rc5 Bb6 68. Rc4+ Kg3 69.
Rc6 Bd4 70. Rd6 Ba7 71. Rd3+ Kf4 72. Rd7 Bb6 73. Rb7 Bd8 74. Kh2 Kf3 75. Rb3+ Kf4 76. Rb5 Bc7 77. Kg1 Nf3+ 78. Kg2 Nh4+ 79. Kf2 g4 80. hxg4 fxg4 81. Bxg4 Kxg4 82. Ke3 Nf5+ 83.
Ke4 Nd6+ 84. Kd5 Nxb5 85. axb5 a4 86. Kc4 Bd6 87. b6 Kf5 88. b7 a3 89. Kb3 a2 90. Kxa2 Bb8 91. Kb3 Ke6 92. Kc4 Kd7 93.
Kb5 Kc7 94. Ka6 Kc6 95. Ka5 Kxb7 1/2-1/2

[Event "*** SCC Grand Prix: Titled Tuesday Blitz"]
[Site "Chess.com"]
[Date "2020.06.02"]
[Round "9"]
[White "seorobert1971"]
[Black "Mikedannnn"]
[Result "1/2-1/2"]
[WhiteElo "2642"]
[BlackElo "2471"]
[TimeControl "180+1"]
[EndTime "11:49:43 PDT"]
[Termination "Game drawn by repetition"]

1. d4 Nf6 2. c4 c5 3. d5 e6 4. Nc3 exd5 5. cxd5 g6 6. e4 d6 7. h3 Bg7 8. Nf3 O-O 9. Be2 Re8 10.
Nd2 Na6 11. O-O Rb8 12. Re1 Nc7 13. a4 b6 14. Bf1 a6 15. Nc4 b5 16. axb5 axb5 17.
Na5 Bd7 18. Nc6 Bxc6 19. dxc6 b4 20. Nd5 Ncxd5 21. exd5 Rxe1 22. Qxe1 Nxd5 23. Ra7 Qb6 24. Ra6 Qc7 25. Qe4 Nf6 26. Qc4 h6 27. Bf4 Re8 28. Qxc5 dxc5 29. Bxc7 Nd5 30. Bd6 Bxb2 31. Bc4 Nf6 32.
Bxc5 Re1+ 33. Kh2 Be5+ 34. g3 Rc1 35. f4 Rc2+ 36. Kg1 Bc7 37. Ra8+ Kg7 38. Bf8+ Kh7 39. Bxf7 Rxc6 40. Bxb4 Ne4 41. Kg2 Nd6 42. Bd5 Rc2+ 43. Kf3 Nf5 44. Ra7 Kh8 45. g4 Nd4+ 46. Ke4 Nb5 47.
Rb7 Nc3+ 48. Bxc3+ Rxc3 49. h4 Rc1 50. f5 gxf5+ 51.
Kxf5 Kg7 52. Ra7 Rc5 53. Ke4 Kf6 54. Ra6+ Kg7 55. Re6 Rc1 56. Re7+ Kf6 57. Rf7+ Kg6 58.
Rd7 Re1+ 59. Kf3 Be5 60. Re7 Bc3 61. Rc7 Be5 62. Rc6+ Kg7 63. Be4 Rf1+ 64. Ke2 Rf6 65. Rc5 Re6 66. Kf3 Re7 67. Rc6 Bf6 68. h5 Rd7 69.
Bf5 Re7 70. Rc8 Rf7 71. Be6 Re7 72. Bd5 Kh7 73. Be4+ Kg7 74. Bg6 Rd7 75. Bf5 Re7 76. Rb8 Bg5 77. Rb6 Re3+ 78. Kf2 Re7 79. Rg6+ Kf7 80. Kf3 Ra7 81. Rc6 Ra3+ 82. Ke4 Ra7 83. Kd5 Re7 84. Be6+ Kg7 85. Rc8 Kf6 86. Rf8+ Kg7 87.
Rg8+ Kh7 88. Rg6 Rg7 89. Bf5 Rxg6 90. hxg6+ Kg7 91. Ke6 Bh4 92. Kd7 Bg5 93. Ke6 Bh4 94. Kd7 Bg5 95. Ke6 1/2-1/2

[Event "*** SCC Grand Prix: Titled Tuesday Blitz"]
[Site "Chess.com"]
[Date "2020.06.02"]
[Round "9"]
[White "Omk124"]
[Black "topotun"]
[Result "1-0"]
[WhiteElo "2449"]
[BlackElo "2585"]
[TimeControl "180+1"]
[EndTime "11:49:44 PDT"]
[Termination "Omk124 won on time"]

1. e4 d6 2. d4 c6 3. Nf3 h6 4.
Bd3 g5 5. h3 Bg7 6. c3 Nd7 7.
Be3 Nf8 8. Nbd2 Ng6 9. Qb3 Qc7 10. O-O Nf6 11. Rfe1 g4 12. hxg4 Nxg4 13. Bc4 O-O 14. a4 Nxe3 15. Rxe3 e6 16. Rae1 e5 17. Nf1 Nf4 18.
Ng3 Kh7 19. dxe5 dxe5 20. Nh4 Be6 21. Nhf5 Rg8 22. Rf3 Bf8 23. Rd1 Bc5 24. Bxe6 fxe6 25. Rxf4 exf5 26. Rxf5 Rg7 27. Qe6 Qe7 28. Qxe7 Rxe7 29.
b4 Bb6 30. Nh5 a5 31. Nf6+ Kg6 32. b5 cxb5 33. axb5 Bc5 34. Ng4 a4 35. Nxe5+ Kg7 36. Nc4 b6 37. e5 a3 38. Ra1 Ra4 39. Rf4 Rxe5 40. Rg4+ Rg5 41. Re4 Rd5 42. Kh2 Rd3 43. f3 Rxc3 44. Nd2 Rxe4 45. Nxe4 Rb3 46. Kg3 Bd4 47. Ra2 Kf7 48. Kf4 Ke6 49. Nd2 Rc3 50. Ke4 Bc5 51. Nb1 Re3+ 52. Kf4 Rb3 53. Nd2 Rxb5 54. Ne4 Ra5 55. Nc3 Bb4 56. Ne2 Kd5 57. Ke3 Kc4 58. Nc1 Bc3 59. Rc2 a2 60. Nxa2 Kb3 61. Rxc3+ Kxa2 62. Rc6 Re5+ 63. Kf4 Rb5 64.
Rxh6 Rb2 65. g4 b5 66. Rb6 b4 67. g5 b3 68. g6 Rg2 69. Kf5 b2 70. Ra6+ Kb3 71. f4 Kc2 72. Rb6 Rg3 73. Kf6 Rb3 74.
Rc6+ Rc3 75. Rb6 Rb3 76. Rxb3 Kxb3 77. g7 b1=Q 78. g8=Q+ Kc3 79. Qc8+ Kd4 80. Qd7+ Ke3 81. f5 Kf4 82. Qd4+ Kf3 83. Kg6 Qc2 84. Kg5 Qc1+ 85. Kg6 Qc2 86. Kf6 Qc6+ 87. Ke5 Qb5+ 88. Qd5+ Qxd5+ 89. Kxd5 1-0

[Event "*** SCC Grand Prix: Titled Tuesday Blitz"]
[Site "Chess.com"]
[Date "2020.06.02"]
[Round "9"]
[White "mikerahal"]
[Black "Margarita2907"]
[Result "1-0"]
[WhiteElo "2243"]
[BlackElo "2054"]
[TimeControl "180+1"]
[EndTime "11:49:45 PDT"]
[Termination "mikerahal won on time"]

1. e4 c5 2. Nf3 d6 3. Bb5+ Bd7 4.
Bxd7+ Nxd7 5. O-O Ngf6 6. Re1 e6 7. c3 Be7 8. d4 cxd4 9. cxd4 O-O 10. Nc3 a6 11.
Qb3 b5 12. a4 bxa4 13. Rxa4 Qc7 14. Bf4 e5 15. Be3 Rfb8 16. Qc2 Nb6 17. Ra2 exd4 18.
Nxd4 Nc4 19. Nf5 Nxe3 20. Rxe3 Bf8 21. Qd2 Qc4 22. Ra4 Rb4 23. Rxb4 Qxb4 24. h3 g6 25. Qd4 Qxd4 26. Nxd4 Bg7 27. Rd3 Nd7 28. Rd2 Ne5 29.
Nce2 Rb8 30. Rc2 h5 31. b3 Rb4 32. Nc6 Rxb3 33. Nxe5 Bxe5 34. g3 a5 35. Rc8+ Kg7 36. Ra8 Rb1+ 37. Kg2 Ra1 38. Nf4 a4 39. Nd5 a3 40.
Nb4 Bc3 41. Nc2 Ra2 42. Ne3 Bd4 43.
Nc4 Rxf2+ 44. Kh1 Rc2 45. Nxa3 Ra2 46. g4 Bc5 47. gxh5 gxh5 48. e5 Rxa3 49. Rc8 Be3 50. Kg2 dxe5 51. Re8 Bd4 52. Rc8 Ra2+ 53. Kf3 Rd2 54.
Ke4 Re2+ 55. Kd5 Rh2 56. Ke4 Rxh3 57. Kf5 Rf3+ 58. Ke4 Rg3 59. Kd5 Rg5 60. Ra8 h4 61.
Ke4 h3 62. Ra2 Rh5 63. Rh2 f5+ 64. Kf3 Kf6 65. Rh1 e4+ 66. Kg3 Ke5 67. Rb1 f4+ 68. Kh2 f3 69. Rb5+ Kf4 70. Rxh5 e3 71. Rh7 e2 72. Rf7+ Ke3 73. Re7+ Kd2 74. Kxh3 Be3 75.
Rd7+ Kc2 76. Rc7+ Kb2 77. Rb7+ Kc2 78. Rc7+ Kd3 79. Rd7+ Kc4 80. Re7 Kd4 81. Rd7+ Kc5 82. Rc7+ Kd6 83. Rc3 e1=Q 84. Rd3+ 1-0

[Event "*** SCC Grand Prix: Titled Tuesday Blitz"]
[Site "Chess.com"]
[Date "2020.06.02"]
[Round "9"]
[White "Grieve72"]
[Black "Zenzo"]
[Result "1/2-1/2"]
[WhiteElo "2374"]
[BlackElo "2548"]
[TimeControl "180+1"]
[EndTime "11:49:48 PDT"]
[Termination "Game drawn by repetition"]

1. e4 e5 2. Nf3 Nc6 3. Bc4 Bc5 4.
O-O Nf6 5. d3 d6 6. a4 a6 7. c3 Ba7 8. Bg5 h6 9. Bh4 g5 10. Bg3 g4 11. Nh4 Nh5 12. Nd2 Nxg3 13. hxg3 Qg5 14. Re1 Ne7 15. Nf1 Ng6 16. Nxg6 fxg6 17.
d4 h5 18. dxe5 dxe5 19. Qd5 Qf6 20. Ne3 c6 21. Qd2 h4 22. Rad1 Rh7 23. Qd6 Qxd6 24. Rxd6 hxg3 25. fxg3 Bd7 26. Kf1 Rh1+ 27. Ke2 Rxe1+ 28.
Kxe1 Bxe3 29. Rxg6 Ke7 30. Ke2 Bc1 31. b4 Rf8 32. Rg7+ Kd6 33. Rg6+ Kc7 34. Rg7 Rf6 35.
Bf7 Bh6 36. Rh7 Kd6 37. Bh5 b5 38. a5 Bf8 39. Rh8 Kc7 40. Rh7 Kd6 41. Rh8 c5 42. bxc5+ Kxc5 43. Rh7 Kd6 44. Bf7 Be7 45. Bd5 Bd8 46.
Rh8 Bxa5 47. Ra8 Bxc3 48. Rxa6+ Ke7 49. Ra7 b4 50. Rb7 Kd8 51. Kd3 Rf1 52. Rb8+ Kc7 53. Rb7+ Kc8 54. Kc4 Rf2 55. Kc5 Bd4+ 56. Kd6 Be8 57.
Rc7+ Kb8 58. Rb7+ Kc8 59. Rc7+ Kd8 60. Be6 Bc5+ 61. Rxc5 Rd2+ 62. Kxe5 Ke7 63. Rc7+ Bd7 64. Bxd7 Rxd7 65. Rc4 Rb7 66. Rc2 b3 67. Rb2 Rb4 68.
Kf5 Kd6 69. e5+ Kd5 70. e6 Kd6 71. Kf6 Rb5 72. e7 Kd7 73. Kf7 Rf5+ 74. Kg6 Rf1 75. Rxb3 Kxe7 76. Rb4 Rf2 77. Rxg4 Rxg2 78. Kg5 Kf7 79.
Rf4+ Kg7 80. g4 Ra2 81. Rf5 Ra7 82. Rb5 Ra6 83. Rb7+ Kg8 84. Kh5 Kf8 85. g5 Kg8 86. Rb5 Kg7 87. Rb7+ Kg8 88. Rb5 Kg7 89. Kg4 Kg8 90.
Kf5 Kg7 91. Rc5 Kg8 92. g6 Ra1 93. Rc8+ Kg7 94. Rc7+ Kg8 95. Rc8+ Kg7 96. Rc7+ Kg8 97. Rc8+ 1/2-1/2

[Event "*** SCC Grand Prix: Titled Tuesday Blitz"]
[Site "Chess.com"]
[Date "2020.06.02"]
[Round "9"]
[White "blitzking1729"]
[Black "XDPS"]
[Result "0-1"]
[WhiteElo "2472"]
[BlackElo "2674"]
[TimeControl "180+1"]
[EndTime "11:49:56 PDT"]
[Termination "XDPS won by resignation"]

1. d4 d5 2. c4 c6 3. Nf3 Nf6 4. Qc2 dxc4 5. Qxc4 Bg4 6. Nbd2 Nbd7 7. g3 e6 8. Bg2 Be7 9. O-O O-O 10. h3 Bh5 11.
b3 Rc8 12. Bb2 b5 13. Qd3 Bg6 14. Qc3 Nd5 15. Qc1 c5 16. dxc5 Bxc5 17. Qd1 Qc7 18. Kh2 Qb6 19. e4 Nb4 20. Qe2 Rfd8 21. a3 Nc2 22. b4 Bd4 23. Nxd4 Nxd4 24. Bxd4 Qxd4 25. Nb3 Qc4 26. Qxc4 bxc4 27. Na5 Nb6 28. Rfd1 f6 29. Nb7 Rxd1 30. Rxd1 c3 31. Nc5 Nc4 32. Rc1 Nxa3 33.
Rxc3 Nb5 34. Rd3 Bf7 35. Rd7 h6 36. Bf1 Nc3 37. Ba6 Rb8 38. Rxa7 Rxb4 39. Bd3 e5 40. Rb7 Rxb7 41. Nxb7 Kf8 42. Nd6 Be6 43. f3 Ke7 44.
Nc4 Na4 45. Ne3 Nc5 46. Be2 Kd6 47. Kg2 Nb3 48. g4 Nd4 49. Bd3 Kc5 50. Kf2 Kb4 51. Nf5 Bxf5 52. exf5 Kc3 53. Be4 Kd2 54. h4 Nb3 55. h5 Nc5 56. Bb7 Nd3+ 57. Kg3 Ke3 58. Be4 Ne1 59. Ba8 Nd3 60. Be4 Nf4 61. Ba8 Ne2+ 62. Kg2 Nc3 63. Bc6 Kf4 64. Kh3 Ne2 65.
Kg2 Nd4 66. Be4 Nb3 67. Kf2 Nc5 68. Ba8 e4 69. Ke2 exf3+ 70. Bxf3 Nd3 71. Ba8 Ne5 72.
Kf2 Nxg4+ 73. Kg2 Kxf5 74. Kg3 Kg5 75. Bc6 Ne5 76. Bb7 f5 77. Kf2 f4 78. Bc8 Ng4+ 79.
Kf3 Nf6 80. Kf2 Nxh5 81. Bb7 Nf6 82. Bf3 h5 83. Bb7 Ng4+ 84. Kg2 Ne5 85. Be4 Kh4 86. Bd5 g5 87. Be6 g4 88. Bd5 f3+ 89.
Kf2 Kg5 90. Be4 Kf4 91. Bb7 g3+ 92. Kf1 h4 93. Ba8 h3 94. Kg1 Ng4 95. Kf1 h2 96.
Ke1 h1=Q+ 97. Kd2 Qh2+ 98. Kc3 g2 99. Kb4 g1=Q 0-1

[Event "*** SCC Grand Prix: Titled Tuesday Blitz"]
[Site "Chess.com"]
[Date "2020.06.02"]
[Round "9"]
[White "hanzo_hasashi1"]
[Black "GHANDEEVAM2003"]
[Result "1-0"]
[WhiteElo "2856"]
[BlackElo "2949"]
[TimeControl "180+1"]
[EndTime "11:50:18 PDT"]
[Termination "hanzo_hasashi1 won by checkmate"]

1. c4 e6 2. Nf3 Nf6 3. g3 d5 4.
Bg2 dxc4 5. Qa4+ Nbd7 6. Qxc4 c5 7. O-O b6 8. Nd4 Ne5 9. Qa4+ Bd7 10. Nb5 Nc6 11.
d3 a6 12. N5c3 b5 13. Qd1 Be7 14. a4 Rb8 15. Nd2 O-O 16. axb5 axb5 17. Nce4 Nxe4 18. Nxe4 f5 19. Nc3 Qb6 20. e4 Nd4 21. exf5 Rxf5 22. Be3 Bf6 23. g4 Re5 24. Bf4 Rf8 25. Ra8 Rxa8 26. Bxa8 Bc6 27. Bxc6 Qxc6 28. Bxe5 Nf3+ 29. Kh1 Nxe5+ 30. f3 Nxg4 31. Ne4 Ne3 32. Nxf6+ gxf6 33. Rg1+ Kf7 34. Qe2 Nf5 35. Ra1 Nd4 36. Ra7+ Kf8 37.
Qe4 Qxe4 38. fxe4 h5 39. Kg2 Nb3 40. Rc7 Ke8 41. Kf2 h4 42. Ke3 h3 43. Rh7 Nd4 44. Rxh3 Kf7 45. Rg3 f5 46. e5 Nc6 47. Kf4 Ne7 48.
Kg5 Nc6 49. Rh3 Nxe5 50. Rh7+ Ke8 51. Kf6 Nxd3 52. Kxe6 Kf8 53. b3 f4 54. Rd7 c4 55.
Rd4 Kg7 56. bxc4 bxc4 57. Rxc4 f3 58. Rg4+ Kh6 59. Rg3 f2 60. Rf3 Kg5 61. Kd5 Kg4 62. Ke4 f1=Q 63. Rxf1 Nc5+ 64. Kd5 Nd3 65. Ke4 Nc5+ 66.
Ke3 Kh3 67. Rf5 Ne6 68. Rh5+ Kg4 69. Rh6 Ng7 70. Kf2 Nf5 71. Rg6+ Kh5 72. Rg8 Kh6 73. Kf3 Kh7 74. Rg1 Ne7 75. Kf4 Ng6+ 76. Kg5 Ne5 77. Rf1 Kg7 78. h4 Nf7+ 79. Kh5 Nd6 80. Rg1+ Kh7 81.
Rd1 Nf5 82. Rd7+ Kg8 83. Kg5 Ng7 84. Kg6 Ne6 85. Re7 Nf8+ 86. Kf6 Nh7+ 87. Kf5 Nf8 88. h5 Nh7 89. Rc7 Nf8 90. Kf6 Nh7+ 91. Kg6 Nf8+ 92.
Kf5 Nh7 93. Rd7 Nf8 94. Re7 Kh8 95. Kf6 Nh7+ 96. Kf7 Ng5+ 97. Kg6 Kg8 98. Re8# 1-0

[Event "*** SCC Grand Prix: Titled Tuesday Blitz"]
[Site "Chess.com"]
[Date "2020.06.02"]
[Round "9"]
[White "gmcorrales"]
[Black "vaishali2001"]
[Result "1/2-1/2"]
[WhiteElo "2773"]
[BlackElo "2633"]
[TimeControl "180+1"]
[EndTime "11:50:26 PDT"]
[Termination "Game drawn by 50-move rule"]

1. e4 e5 2. Nf3 Nc6 3. d4 exd4 4.
Nxd4 Nf6 5. Nxc6 bxc6 6. e5 Qe7 7. Qe2 Nd5 8. Nd2 g6 9. c4 Ba6 10. b3 Bg7 11. Bb2 O-O 12. Nf3 d6 13. O-O-O dxe5 14.
Bxe5 Rfe8 15. Bxg7 Qxe2 16. Bxe2 Kxg7 17. Rhe1 Nc3 18.
Rd2 c5 19. Bd3 Bb7 20. Kb2 Rxe1 21. Nxe1 Re8 22. Nc2 Ne4 23. Bxe4 Bxe4 24. Ne3 Bc6 25. g3 f5 26. Kc3 Re4 27. Nd1 f4 28. Nb2 fxg3 29.
hxg3 Re5 30. Nd3 Rf5 31. f4 g5 32. Ne5 Be8 33. Rd8 gxf4 34. gxf4 Bg6 35. Rd7+ Kf6 36.
Rxc7 Rxf4 37. Rxc5 Be4 38. Nd7+ Ke6 39. Rc7 Kd6 40.
Rxa7 Rf7 41. c5+ Ke6 42. c6 Bxc6 43. Nc5+ Kf6 44. Ra6 Rc7 45. b4 Ke5 46. a4 Bd5 47.
Rh6 Rf7 48. Rh5+ Kd6 49. Nd3 Rc7+ 50. Kd2 Rc4 51. Rh6+ Be6 52. Nc5 Rxb4 53. Nxe6 Rxa4 54. Ke3 Ke5 55. Nc5 Ra3+ 56. Nd3+ Kf5 57. Rxh7 Ra4 58.
Rh5+ Kg6 59. Rb5 Kf6 60. Nf4 Kf7 61. Kf3 Kf6 62. Kg4 Rc4 63. Rb6+ Ke5 64. Kg5 Ke4 65. Re6+ Kf3 66. Nh5 Rc5+ 67. Kh4 Rc4+ 68. Kh3 Rc1 69. Ng3 Rc2 70. Rf6+ Ke3 71. Rf8 Kd2 72. Re8 Kc1 73. Kg4 Rc3 74. Kf4 Kc2 75. Ne4 Rc4 76. Rh8 Kd3 77.
Rd8+ Ke2 78. Rd2+ Ke1 79. Ra2 Kd1 80. Ke3 Kc1 81. Nf2 Kb1 82. Re2 Rc2 83. Re1+ Kb2 84. Nd3+ Kc3 85. Ra1 Rh2 86. Ra3+ Kc4 87. Ra4+ Kb5 88.
Rg4 Kc6 89. Kd4 Rh6 90. Ne5+ Kb5 91. Kd5 Rh1 92. Nf3 Rd1+ 93. Nd4+ Kb4 94. Rg3 Rd2 95. Rb3+ Ka4 96. Rb8 Ka3 97. Kc4 Ka2 98. Kc3 Rh2 99. Ra8+ Kb1 100. Kc4 Rh3 101. Nb5 Kc1 102. Nc3 Rh4+ 103. Kb3 Kd2 104. Rd8+ Ke3 105. Kc2 Rh2+ 106. Kb3 Rh3 107. Re8+ 1/2-1/2

[Event "*** SCC Grand Prix: Titled Tuesday Blitz"]
[Site "Chess.com"]
[Date "2020.06.02"]
[Round "9"]
[White "ZAbdumalik"]
[Black "Lovinski"]
[Result "1/2-1/2"]
[WhiteElo "2625"]
[BlackElo "2372"]
[TimeControl "180+1"]
[EndTime "11:50:47 PDT"]
[Termination "Game drawn by agreement"]

1. e4 e5 2. Nf3 Nc6 3. Bb5 a6 4.
Ba4 Nf6 5. O-O Be7 6. Re1 b5 7.
Bb3 d6 8. c3 O-O 9. h3 Nb8 10.
d4 Nbd7 11. Nbd2 Bb7 12. Bc2 Re8 13. Nf1 Bf8 14. Ng3 g6 15. a4 c5 16. d5 c4 17.
Bg5 Nc5 18. Qd2 Be7 19. Rf1 Nfd7 20. Bh6 Bf8 21. Nh2 Bxh6 22. Qxh6 Qf6 23. f4 Qg7 24. Qh4 exf4 25. Qxf4 Ne5 26. Nf3 Nxf3+ 27. Rxf3 Re5 28.
axb5 axb5 29. Rxa8+ Bxa8 30. Nf1 Bb7 31. Ne3 Bc8 32.
Rf1 Qf8 33. Ra1 Bd7 34. Ra7 Qb8 35. Ra1 Qe8 36. Nf1 Nxe4 37. Bxe4 Rxe4 38. Qxd6 Bf5 39. Qg3 Kg7 40. d6 Qc6 41. Rd1 Re2 42. Rd2 Re8 43. Rf2 Qc5 44. Kh2 Rd8 45. Ne3 Be6 46. Rd2 Rd7 47. Qf4 h5 48. h4 Rd8 49. g3 Rd7 50. Rd4 Rd8 51. Ng2 Qf5 52. Qd2 Qh3+ 53.
Kg1 Qxg3 54. d7 Bh3 55. Rd5 Qxg2+ 56. Qxg2 Bxg2 57. Kxg2 Kf6 58. Kf3 Ke6 59. Rxb5 Rxd7 60. Rc5 Rd3+ 61. Kf4 Rd2 62. Rxc4 Rxb2 63. Rc6+ Ke7 64. c4 Rh2 65. Kg3 Rd2 66. c5 Rd4 67. Rc7+ Kf6 68. Rc6+ Kf5 69. Rc7 f6 70. c6 Rd3+ 71. Kg2 Rc3 72. Rc8 Kg4 73. c7 Rc2+ 74. Kg1 Kxh4 75. Rg8 Rxc7 76. Rxg6 f5 77. Kg2 Rc3 78. Kf2 Rb3 79. Kg2 Rb4 80. Kf3 Rg4 81.
Rh6 Kg5 82. Rh8 Ra4 83. Rg8+ Kf6 84. Rf8+ Kg6 85. Rg8+ Kf7 86. Rh8 h4 87. Rh6 Kg7 88. Rh5 Kg6 89. Rh8 Ra3+ 90. Kf4 Ra4+ 91. Kf3 Kg5 92. Rg8+ Kf6 93. Rf8+ Ke5 94. Re8+ Kf6 95. Rf8+ Kg6 96. Rg8+ Kf7 97. Rh8 Rb4 98. Rh7+ Kg6 99. Rh8 Rb7 100. Rxh4 Rb3+ 101. Kf2 Kg5 102. Rh8 Kf4 103. Ra8 Rb2+ 104. Ke1 Kg3 105. Ra3+ Kg4 106. Ra4+ f4 107. Kf1 Kg3 108. Ra8 Rb1+ 109. Ke2 f3+ 110. Ke3 f2 111. Rg8+ Kh2 112. Kxf2 Rb2+ 113. Kf3 Rb4 1/2-1/2